 Dungeon Crawl Stone Soup version 0.19.0-2-gae57169 (webtiles) character file.

4 RobertPalmer the Cutter (level 1, -2/16 HPs)
             Began as an Octopode Chaos Knight on Nov 5, 2016.
             Slain by a kobold
             ... wielding a +0 whip
              (3 damage)
             ... on level 1 of the Dungeon.
             The game lasted 00:00:26 (136 turns).

RobertPalmer the Cutter (Octopode Chaos Knight)      Turns: 136, Time: 00:00:27

Health: -2/16      AC:  1    Str: 11    XL:     1   Next: 60%
Magic:  1/1        EV: 13    Int: 14    God:    Xom [..*...]
Gold:   42         SH:  0    Dex: 11    Spells: 0 memorised, 0 levels left

rFire  . . .     SeeInvis .     a - +0 short sword (chaos)
rCold  . . .     Gourm    .     (no shield)
rNeg   . . .     Faith    .     (helmet restricted)
rPois  .         Spirit   .     (no amulet)
rElec  .         Reflect  .     (no ring)
rCorr  .         Harm     .     (no ring)
MR     .....                    (no ring)
Stlth  +++.......               (no ring)
                                (no ring)
                                (no ring)
                                (no ring)
                                (no ring)

@: no status effects
A: almost no armour, stealthy swim, amphibious, 8 rings, constrict 8, camouflage
1, gelatinous body 1
a: Renounce Religion


You were on level 1 of the Dungeon.
You worshipped Xom.
You were a toy of Xom.
You were not hungry.

You visited 1 branch of the dungeon, and saw 1 of its levels.

You collected 42 gold pieces.

Inventory:

Hand Weapons
 a - a +0 short sword of chaos (weapon)
Jewellery
 d - an uncursed ring of magical power {unknown}
   (You found it on level 1 of the Dungeon)
 e - an uncursed ring of poison resistance {unknown}
   (You found it on level 1 of the Dungeon)
Potions
 g - a potion of berserk rage {unknown}
Comestibles
 b - 2 bread rations {@e1}
 c - a slice of pizza
 f - a chunk of flesh {@w0}


   Skills:
 - Level 3.0 Fighting
 - Level 3.0 Short Blades
 - Level 2.3 Dodging
 + Level 1.7 Stealth


You couldn't memorise any spells.
You didn't know any spells.

Dungeon Overview and Level Annotations

Branches:
Dungeon (1/15)

Altars:


Innate Abilities, Weirdness & Mutations

You cannot wear most types of armour.
You are very stealthy in the water. (Stealth+)
You are amphibious.
You can wear up to eight rings at the same time.
You can use your tentacles to constrict eight enemies at once.
Your skin changes colour to match your surroundings (Stealth+).
Your rubbery body absorbs attacks. (AC +1, EV +1)


Message History

Welcome, RobertPalmer the Octopode Chaos Knight.
Will you prevail where others failed? Will you find the Orb of Zot?
Xom says: A new plaything!
Found 11 gold pieces.
Found a staircase leading out of the dungeon.
You now have 11 gold pieces.
A hobgoblin comes into view.
A hobgoblin is nearby!
A hobgoblin is nearby!
A hobgoblin is nearby!
The hobgoblin shouts!
You now have 24 gold pieces (gained 13).
A rat comes into view.
You hit the hobgoblin.
The hobgoblin is poisoned.
You grab the hobgoblin.
You constrict the hobgoblin, but do no damage.
The rat bites you but does no damage. The hobgoblin closely misses you.
You barely miss the hobgoblin. You constrict the hobgoblin.
You kill the hobgoblin!
The rat bites you but does no damage.
You closely miss the rat. Your grab misses the rat. You squeeze the rat.
You kill the rat!
Your Stealth skill increases to level 1!
No target in view!
c - a slice of pizza You now have 30 gold pieces (gained 6).
A giant cockroach comes into view.
A giant cockroach is nearby!
A giant cockroach is nearby!
A giant cockroach is nearby!
d - an agate ring
There are no items here.
e - a scratched bronze ring You barely miss the giant cockroach.
You grab the giant cockroach. You squeeze the giant cockroach.
You kill the giant cockroach!
No target in view!
No target in view!
You see here a giant cockroach corpse.
You butcher the giant cockroach corpse.
f - a chunk of flesh {@w0} You aren't carrying any spellbooks or scrolls.
Unknown command.
A rat comes into view.
A rat is nearby!
A rat is nearby!
A rat is nearby!
You barely miss the rat. You grab the rat. You constrict the rat.
The rat closely misses you.
You hit the rat.
You kill the rat!
No target in view!
You see here a rat corpse.
You now have 42 gold pieces (gained 12).
b - 2 bread rations {@e1} (gained 1)
A kobold comes into view. It is wielding a whip.
A kobold is nearby!
Unknown command.
g - a lumpy dark potion A kobold comes into view.
It is wielding a whip.
A kobold is nearby!
The kobold shouts!
The kobold throws a stone.
The stone closely misses you.
The kobold throws a stone.
The stone completely misses you.
You see here a stone.
The kobold hits you but does no damage.
You hit the kobold but do no damage.
The kobold goes berserk!
You grab the kobold.
You constrict the kobold, but do no damage.
The kobold hits you with a whip!
Ouch! That really hurt!
The kobold hits you with a whip.
* * * LOW HITPOINT WARNING * * *
A rat comes into view.
You take 15 damage, and have 1/16 hp.
MASSIVE DAMAGE!!
You aren't carrying any spellbooks or scrolls.
Unknown command.
You release your grip on the kobold.
You see here a stone.
Unknown command.
You completely miss the kobold. You grab the kobold. You constrict the kobold.
The kobold hits you with a whip.
You die...

...##............ .
#...##...........# ..
#...#..........##. ...
....#..........##.
..####.. #.............
r..#.# #........#.###
######.#.#
#.########.#..
.......K.###.# #.#.#
###.##.#@.(..# #.#.#
........########## #.#.#
#...#####...#....###.#.#
.....
##...........##.... ##..
##...#..<..#...###.# ...
##...###...###...##..
#####...## #####
##...### ##...## #...#
##...##
##...######.#.######...#


You could see a kobold (berserk) and a rat.

Vanquished Creatures
  A giant cockroach (D:1)
  A hobgoblin (D:1)
  2 rats (D:1)
4 creatures vanquished.

Notes
Turn   | Place    | Note
-------+----------+-------------------------------------------
     0 | D:1      | RobertPalmer the Octopode Chaos Knight began the quest for the Orb.
     0 | D:1      | Reached XP level 1. HP: 16/16 MP: 1/1
    19 | D:1      | Reached skill level 1 in Stealth
   134 | D:1      | HP: 1/16 [kobold/whip (5)]
   136 | D:1      | Slain by a kobold

Skill      XL: |  1 |
---------------+----+-----
Stealth        | 1 |  1.7
Fighting       | |  3.0
Short Blades   | |  3.0
Dodging        | |  2.3

Action                   || total
-------------------------++-------
Melee: Short sword       ||     8
       Constrict         ||     5
       Tentacles         ||     2
Armor: Skin              ||     2
Dodge: Dodged            ||     4

Vault maps used:
D:1:      dpeg_chamrin_arrival_tetris, minmay_tromino_v4_c

Table legend:
 A = Turns spent in this place as a percentage of turns spent in the entire game.
 B = Non-inter-level travel turns spent in this place as a percentage of non-inter-level travel turns spent in the entire game.
 C = Inter-level travel turns spent in this place as a percentage of turns spent in this place.
 D = Turns resting spent in this place as a percentage of non-inter-level travel turns spent in this place.
 E = Turns spent auto-exploring this place as a percentage of non-inter-level travel turns spent in this place.
 F = Non-inter-level travel turns spent in this place divided by the number of levels of this place that you've seen.
                   A       B       C       D       E      F
               +-------+-------+-------+-------+-------+----------------------
         Total | 100.0 | 100.0 |   0.0 |   0.0 |   5.3 |  76.0
       Dungeon | 100.0 | 100.0 |   0.0 |   0.0 |   5.3 |  76.0
               +-------+-------+-------+-------+-------+----------------------

Table legend:
 A = Kills in this place as a percentage of kills in entire the game.
 B = Kills by you in this place as a percentage of kills by you in the entire game.
 C = Kills by friends in this place as a percentage of kills by friends in the entire game.
 D = Other kills in this place as a percentage of other kills in the entire game.
 E = Experience gained in this place as a percentage of experience gained in the entire game.
 F = Experience gained in this place divided by the number of levels of this place that you have seen.
                   A       B       C       D       E      F
               +-------+-------+-------+-------+-------+----------------------
         Total | 100.0 | 100.0 |  -nan |  -nan | 100.0 |   6.0
       Dungeon | 100.0 | 100.0 |  -nan |  -nan | 100.0 |   6.0
               +-------+-------+-------+-------+-------+----------------------
